 Dungeon Crawl Stone Soup version 0.29.1-1-gd02db6906a (webtiles) character file.

Game seed: 2892593443471642509

0 GigaChad the Vexing (level 1, -1/12 HPs)
             Began as a Kobold Arcane Marksman on Oct 4, 2022.
             Slain by a goblin
             ... wielding a +0 dagger
              (4 damage)
             ... on level 1 of the Dungeon.
             The game lasted 00:01:22 (81 turns).

GigaChad the Vexing (Kobold Arcane Marksman)          Turns: 81, Time: 00:01:22

Health: -1/12      AC:  2    Str:  7    XL:     1   Next: 11%
Magic:  1/2        EV: 15    Int: 14    God:
Gold:   14         SH:  0    Dex: 15    Spells: 1/2 levels left

rFire   . . .      SeeInvis .   a - +1 sling
rCold   . . .      Faith    .   (no shield)
rNeg    . . .      Spirit   .   c - +0 robe
rPois   .          Reflect  .   (no helmet)
rElec   .          Harm     .   (no cloak)
rCorr   .          Rampage  .   (no gloves)
Will    .....                   (no boots)
Stlth   ++........              (no amulet)
HPRegen 0.04/turn               (no ring)
MPRegen 0.08/turn               (no ring)

@: no status effects
A: small, no large weapons, nightstalker 3
a: no special abilities


You were on level 1 of the Dungeon.
You visited 1 branch of the dungeon, and saw 1 of its levels.

You collected 14 gold pieces.

Inventory:

Hand Weapons
 a - a +1 sling (weapon)
Armour
 c - a +0 robe (worn)
Scrolls
 b - a scroll of poison
 d - a scroll of noise {unknown}
Potions
 e - a potion of berserk rage {unknown}
 f - a potion of flight {unknown}


   Skills:
 - Level 1.1 Fighting
 - Level 2.6 Ranged Weapons
 - Level 2.4 Dodging
 + Level 1.2 Spellcasting
 - Level 3.0 Hexes


You had one spell level left.
You knew the following spells:

 Your Spells              Type           Power      Damage    Failure   Level
a - Slow                  Hex            36%        N/A       8%          1

Your spell library contained the following spells:

 Spells                   Type           Power      Damage    Failure   Level
 Inner Flame              Hex/Fire       5%         N/A       38%         3
 Portal Projectile        Hex/Tloc       10%        N/A       38%         3
 Cause Fear               Hex            4%         N/A       58%         4


Dungeon Overview and Level Annotations

Branches:
Dungeon (1/15)

Altars:


Innate Abilities, Weirdness & Mutations

You are small and have problems with some larger weapons.
You are completely attuned to the shadows.


Message History

You kill the ball python!
A frilled lizard comes into view.
A goblin comes into view. It is wielding a +0 dagger.
You see here a ball python corpse.
Really attack while wielding your +1 sling? [Y]es or [N]o only, please.
Really attack while wielding your +1 sling?
Okay, then.
You shoot a sling bullet.
The sling bullet barely misses the goblin.
The frilled lizard hisses angrily.
You hear a shout!
The goblin hits you with a +0 dagger.
You shoot a sling bullet.
The sling bullet barely misses the goblin.
The goblin hits you with a +0 dagger.
You shoot a sling bullet.
The sling bullet misses the frilled lizard.
A hobgoblin comes into view.
The frilled lizard misses you. The goblin hits you with a +0 dagger.
The frilled lizard bites you. The goblin misses you.
You are too injured to fight recklessly!
You are too injured to fight recklessly!
You are too injured to fight recklessly!
You are too injured to fight recklessly!
Unknown command.
You are too injured to fight recklessly!
You are too injured to fight recklessly!
You are too injured to fight recklessly!
You are too injured to fight recklessly!
You are too injured to fight recklessly!
You're too inexperienced to learn that spell!
Casting: Slow (safe; 8% risk of failure)
Confirm with . or Enter, or press ? or * to list all spells.
Okay, then.
The goblin hits you with a +0 dagger.
* * * LOW HITPOINT WARNING * * *
The frilled lizard attacks as you move away!
The frilled lizard misses you. The goblin attacks as you move away!
The goblin hits you with a +0 dagger.
You die...

###..................#
.........###########.##
.........# .........
.........# ......⌠..
.........# ..⌠......
.....#+### .........
###..#.#### ⌠...⌠...⌠
#..†..... .........
###l@.... .⌠....⌠..
#g###.. #........ #g#
##..⌠...⌠ ..# ##......
...# ##..<.. ##.>.#
#####


You could see a hobgoblin, a goblin and a frilled lizard.

Vanquished Creatures
  A ball python (D:1)
1 creature vanquished.

Notes
Turn   | Place    | Note
-------+----------+-------------------------------------------
     0 | D:1      | GigaChad the Kobold Arcane Marksman began the quest for the
                  | Orb.
     0 | D:1      | Reached XP level 1. HP: 12/12 MP: 2/2
    81 | D:1      | Slain by a goblin

Illustrated notes

Levels and vault maps discovered:
D:1:      dpeg_arrival_lava_temple_mockup, layout_basic,
          shapermc_ecumenical_altar_totnotflames, lexackson_kobold_supper

Action                   || total
-------------------------++-------
 Fire: Sling             ||     4
 Cast: Slow              ||     2
Dodge: Dodged            ||     4
